[Event "13th All African Rapid-ch Men 2024"]
[Site "Accra"]
[Date "2024.03.10"]
[Round "5.8"]
[White "Fomevor, Cephas Clinton"]
[Black "Levitan, Caleb Levi"]
[Result "1/2-1/2"]
[ECO "D31"]
[WhiteElo "1887"]
[BlackElo "2235"]
[Annotator "ChessBase"]
[PlyCount "108"]
[EventDate "2024.03.07"]
[EventType "rapid"]
[EventCountry "GHA"]
[SourceTitle "playchess.com"]
[Source "ChessBase"]
[SourceQuality "1"]
[TimeControl "900+10"]

1. d4 Nf6 2. c4 e6 3. a3 d5 4. cxd5 exd5 5. Nc3 c6 6. Nf3 Bd6 7. Bg5 O-O 8. Qc2 Bg4 9. e3 Nbd7 10. Bd3 Qc7 11. Bh4 Rfe8 12. Bg3 a6 13. O-O Bh5 14. b4 Bg6 15. Na4 Bxd3 16. Qxd3 Ne4 17. Nc5 Bxg3 18. hxg3 Nb6 19. Qc2 Nd6 20. Ne5 f6 21. Nf3 Nbc4 22. Nd2 b6 23. Nd3 Qd7 24. Nb2 Nxd2 25. Qxd2 h5 26. Qe2 Qf5 27. Rac1 Rec8 28. Rc2 b5 29. Nd3 Nc4 30. Rc3 a5 31. Nc5 Re8 32. Rd1 Ra7 33. Qf3 Qg6 34. Nd3 Qf7 35. Nc5 Rea8 36. Qf5 axb4 37. axb4 Ra2 38. Nd3 g6 39. Qf4 Kg7 40. g4 hxg4 41. Qxg4 Ra1 42. Rcc1 Rxc1 43. Rxc1 f5 44. Qg3 Ra2 45. Ne5 Qe6 46. Nd3 Qe7 47. Nf4 Qf7 48. Nh5+ Kh7 49. Nf4 Rb2 50. Qh4+ Kg7 51. Ra1 Nd6 52. Ra8 Ne8 53. Nd3 Rb1+ 54. Kh2 Qf6 1/2-1/2

[Event "13th All African Rapid-ch Men 2024"]
[Site "Accra"]
[Date "2024.03.10"]
[Round "5.9"]
[White "Pereira, Sergio Murilo de Ara"]
[Black "Mahamat Hachim Bachar"]
[Result "1-0"]
[ECO "C77"]
[WhiteElo "2115"]
[BlackElo "1843"]
[Annotator "RC"]
[PlyCount "81"]
[EventDate "2024.03.07"]
[EventType "rapid"]
[EventCountry "GHA"]
[SourceTitle "playchess.com"]
[Source "ChessBase"]
[SourceQuality "1"]
[TimeControl "900+10"]

1. e4 e5 2. Nf3 Nc6 3. Bb5 a6 4. Ba4 Nf6 5. d3 Bc5 6. Nc3 b5 7. Bb3 d6 8. Nd5 h6 9. c3 Bg4 10. h3 Bh5 11. g4 Bg6 12. Qe2 Na5 13. Bc2 Nb7 14. Ne3 Qe7 15. Nh4 O-O-O 16. Nhf5 Qf8 17. b4 Bb6 18. a4 Kb8 19. axb5 axb5 20. Bb3 c6 21. Bb2 d5 22. exd5 Nxd5 23. Nxd5 cxd5 24. O-O f6 25. Ne3 d4 26. Nd5 Qd6 27. cxd4 exd4 28. Bc1 Qc6 29. Bf4+ Nd6 30. Rfc1 Qb7 31. Qa2 Qa7 32. Nxb6 Qxa2 33. Rxa2 Kb7 34. Bd5+ Kxb6 35. Rc6+ Kb7 36. Rxd6+ Kc7 37. Rc2+ Kb8 38. Rxd8+ Ka7 39. Rc7+ Kb6 40. Rb7+ Ka6 41. Rd6# 1-0

[Event "13th All African Rapid-ch Men 2024"]
[Site "Accra"]
[Date "2024.03.10"]
[Round "5.10"]
[White "Ntamatungiro, Wilfried"]
[Black "Akpa Prince"]
[Result "0-1"]
[ECO "B22"]
[WhiteElo "1905"]
[BlackElo "1845"]
[Annotator "ChessBase"]
[PlyCount "82"]
[EventDate "2024.03.07"]
[EventType "rapid"]
[EventCountry "GHA"]
[SourceTitle "playchess.com"]
[Source "ChessBase"]
[SourceQuality "1"]
[TimeControl "900+10"]

1. e4 c5 2. c3 d5 3. e5 d4 4. Nf3 Bg4 5. cxd4 cxd4 6. Qb3 Bxf3 7. Qxf3 Nc6 8. e6 fxe6 9. Bd3 Nf6 10. Bb5 Qd5 11. Na3 Qxf3 12. gxf3 a6 13. Bc4 Nd5 14. d3 g6 15. h4 Ne5 16. Ke2 Bg7 17. f4 Nxc4 18. Nxc4 Rf8 19. h5 b5 20. Ne5 Nxf4+ 21. Bxf4 Rxf4 22. Nf3 Rc8 23. Rac1 Rxc1 24. Rxc1 gxh5 25. Ng5 Bh6 26. Nxe6 Rxf2+ 27. Kxf2 Bxc1 28. Nc7+ Kd7 29. Nxa6 Bxb2 30. Nc5+ Kc6 31. Ne4 Kb6 32. Ng5 Ka5 33. Ne4 Ka4 34. Ng3 Ka3 35. Ke2 h4 36. Nf5 h3 37. Kf3 Kxa2 38. Nxe7 b4 39. Nc6 b3 40. Ne5 Bc3 41. Nc4 b2 0-1

[Event "13th All African Rapid-ch Men 2024"]
[Site "Accra"]
[Date "2024.03.10"]
[Round "5.11"]
[White "Frempong-Smart Daniel"]
[Black "Yacouba, Souley Moussa"]
[Result "1-0"]
[ECO "E06"]
[WhiteElo "1877"]
[BlackElo "1645"]
[Annotator "NA"]
[PlyCount "109"]
[EventDate "2024.03.07"]
[EventType "rapid"]
[EventCountry "GHA"]
[SourceTitle "playchess.com"]
[Source "ChessBase"]
[SourceQuality "1"]
[TimeControl "900+10"]

1. d4 d5 2. Nf3 Nf6 3. g3 e6 4. Bg2 c5 5. O-O Be7 6. c4 O-O 7. cxd5 Nxd5 8. dxc5 Bxc5 9. Qc2 Na6 10. a3 Be7 11. Rd1 Qc7 12. Qxc7 Naxc7 13. Bd2 Bf6 14. e4 Nb6 15. Bb4 Rd8 16. Rxd8+ Bxd8 17. Nbd2 Nd7 18. Nc4 b5 19. Nd6 Ba6 20. Nd4 Be7 21. Nc6 Bxd6 22. Bxd6 Ne8 23. Bb4 Bb7 24. e5 Rc8 25. Ne7+ Kh8 26. Nxc8 Bxc8 27. Rc1 Nb6 28. Ba5 Bd7 29. Bxb6 axb6 30. Bc6 Bxc6 31. Rxc6 Kg8 32. Rxb6 Kf8 33. Rxb5 f6 34. Rb8 Kf7 35. Rxe8 Kxe8 36. f4 Kd7 37. a4 Kc6 38. a5 Kb5 39. b4 h6 40. Kf2 fxe5 41. fxe5 h5 42. Ke3 g5 43. h4 gxh4 44. gxh4 Ka6 45. Kf4 Kb5 46. Kg5 Ka6 47. Kf6 Kb5 48. Kxe6 Kc6 49. Kf5 Kb5 50. Kg5 Ka6 51. Kxh5 Kb5 52. Kg5 Kc6 53. h5 Kb5 54. h6 Ka6 55. h7 1-0

[Event "13th All African Rapid-ch Men 2024"]
[Site "Accra"]
[Date "2024.03.10"]
[Round "6.2"]
[White "Arab, Adlane"]
[Black "Wanyama, Harold"]
[Result "1-0"]
[ECO "E05"]
[WhiteElo "2477"]
[BlackElo "2226"]
[Annotator "TA"]
[PlyCount "145"]
[EventDate "2024.03.07"]
[EventType "rapid"]
[EventCountry "GHA"]
[SourceTitle "playchess.com"]
[Source "ChessBase"]
[SourceQuality "1"]
[TimeControl "900+10"]

1. d4 d5 2. c4 e6 3. Nf3 Nf6 4. g3 Be7 5. Bg2 O-O 6. O-O dxc4 7. Qc2 a6 8. a4 Bd7 9. Qxc4 Bc6 10. Nc3 b5 11. Qd3 b4 12. Nb1 Be4 13. Qd1 c5 14. Nbd2 Bb7 {[%emt 0:00:10] E05: Katalanisch.} 15. dxc5 Bxc5 16. Nb3 Be7 17. Ne5 (17. Qxd8 {vereinfacht} Rxd8 18. Ne5 Bxg2 19. Kxg2 Nfd7 20. Nd3) 17... Bxg2 18. Kxg2 (18. Qxd8 $14 Rxd8 19. Kxg2) 18... Qc8 $146 ({Predecessor:} 18... Qc7 19. Nf3 Rd8 20. Bf4 Qb7 21. Na5 Qe4 22. Qc1 Nd5 23. Bxb8 Rdxb8 24. Qc4 Qxc4 25. Nxc4 {½-½ Cosma,E (2352)-Boyard,M (2035) Olympiad Women-40 2012 (1.2)}) 19. Qd3 Nbd7 20. Bf4 Nxe5 21. Bxe5 Rd8 22. Qf3 Qc2 (22... Rd5 $11 23. Rfc1 Qd8) 23. Rac1 Qe4 24. Bxf6 Qxf3+ 25. Kxf3 Bxf6 26. Rc2 Rd5 27. Rfc1 h5 28. Rc8+ Rxc8 29. Rxc8+ Kh7 30. Rc2 (30. Rc6 $14) 30... Rd1 $11 31. Nc5 Ra1 32. Nxa6 Rxa4 33. Nc5 $1 Ra2 34. Nd3 b3 35. Rc5 g6 (35... Bxb2 $6 36. Rxh5+ Kg8 37. Rb5 $16) 36. Rb5 Bxb2 37. Rxb3 Bf6 38. Rb7 Kg8 39. Nc5 Rb2 40. Rc7 Bd4 41. Ne4 Rb8 42. Rd7 Be5 43. h3 Rc8 44. g4 hxg4+ 45. hxg4 Rc7 46. Nf6+ Kf8 $1 47. Ke4 Bh2 (47... Bxf6 $2 48. Rxc7 Kg7 49. e3 $18) 48. Rd4 Rc8 49. g5 Bb8 50. e3 Bc7 51. Rd7 Bd8 52. f4 Bxf6 53. gxf6 Kg8 $2 (53... Ra8 $14) 54. Ke5 $18 Rc5+ $2 (54... Ra8 $16) 55. Kd6 Rf5 56. Ke7 e5 57. Rd8+ Kh7 58. fxe5 Rxe5+ 59. Kxf7 Rxe3 60. Rd1 Rh3 61. Rg1 Rh6 62. Rg5 Kh8 63. Rg2 ({Schwächer ist} 63. Rxg6 Rxg6 64. Kxg6 Kg8 $11) 63... Kh7 64. Rg1 (64. Ke8 $142 Rh4 65. f7 Re4+ 66. Kf8 g5 67. Rxg5 Rf4 68. Re5 Rc4 69. Ke7) 64... Rh2 $2 ({Besser ist} 64... Rh4 $18 65. Kf8 (65. Rxg6 Rb4 $11) 65... Kh6) 65. Kf8 Kh6 $2 (65... g5 $11) 66. f7 Rf2 67. Kg8 g5 68. f8=Q+ ({Nicht} 68. f8=B+ Kg6 $11) 68... Rxf8+ 69. Kxf8 Kh5 70. Kf7 g4 71. Kf6 Kh4 72. Kf5 g3 73. Kf4 1-0

[Event "13th All African Rapid-ch Men 2024"]
[Site "Accra"]
[Date "2024.03.10"]
[Round "6.3"]
[White "Paiva, Donaldo"]
[Black "Mwali, Chitumbo"]
[Result "1-0"]
[ECO "A73"]
[WhiteElo "2172"]
[BlackElo "2340"]
[Annotator "TA"]
[PlyCount "91"]
[EventDate "2024.03.07"]
[EventType "rapid"]
[EventCountry "GHA"]
[SourceTitle "playchess.com"]
[Source "ChessBase"]
[SourceQuality "1"]
[TimeControl "900+10"]

1. d4 Nf6 2. c4 c5 3. d5 e6 4. Nc3 exd5 5. cxd5 d6 6. Nf3 g6 7. Nd2 Bg7 8. e4 O-O 9. Be2 Na6 10. O-O Nc7 11. a4 Rb8 12. Re1 ({Better is} 12. Nc4 $16) 12... b6 13. Nc4 Ba6 14. Bf4 {[%emt 0:00:21] White is more active. White is slightly better.} Bxc4 15. Bxc4 a6 16. Qd3 Nh5 17. Bd2 b5 18. axb5 axb5 19. Nxb5 Nxb5 20. Bxb5 Bxb2 21. Ra6 Qf6 22. g3 Ra8 23. Be3 Rxa6 24. Bxa6 Ra8 25. Rb1 (25. Re2 {simplifies} Bd4 26. Bxd4 Qxd4 27. Qxd4 cxd4 28. Bb5) 25... Be5 26. Rb6 Qf3 27. Bh6 Qxd3 28. Bxd3 Nf6 29. h3 {[%emt 0:00:32] Repels Ng4} c4 30. Bc2 Nd7 31. Rc6 (31. Rb7 $14 Nc5 32. Rb4) 31... Nc5 $11 32. f4 Bd4+ 33. Kf1 f5 34. exf5 (34. e5 $5 Ra1+ $8 35. Ke2 $16) 34... Ra2 35. fxg6 hxg6 36. Bxg6 {[%emt 0:00:35][%cal Rc6c8] [#]} Rf2+ 37. Ke1 Nd3+ 38. Bxd3 cxd3 {[%emt 0:00:02][%mdl 4096] Endgame. KRB-KRB} 39. f5 $1 {[%emt 0:00:06] Black must now prevent g4.} (39. Rxd6 {gets mated.} Be3 40. Rd8+ Kh7 41. Rd7+ Kxh6 42. Rd6+ Kg7 43. Re6 d2+ 44. Kd1 Rf1+ 45. Ke2 Re1+ (45... d1=B+ $2 {perishes.} 46. Kxf1 Bc5 47. d6 $18) 46. Kd3 d1=Q+ (46... d1=B 47. Rxe3 Rf1 48. Ke4 $16) 47. Kc3 Qd4+ (47... Qxd5 48. Rg6+ Kxg6 49. f5+ Kf7 50. Kb2 Qb5+ 51. Ka2 Re2+ 52. Ka3 Bc5#) 48. Kc2 Rc1+ (48... Qxd5 49. Re7+ Kf8 50. Rxe3 Rxe3 51. g4 Qg2+ 52. Kd1 Ra3 53. h4 Ra1#) 49. Kb3 Rb1+ 50. Kc2 Rb2#) 39... Rxf5 (39... Bc5 $11 {remains equal.}) 40. Bf4 {[%emt 0:01:03] Kd2 is the strong threat.} Be5 {[%emt 0:00:30] [#] This move loses the game for Black.} ({Black should play} 40... Bc5 $1 $14) 41. Bxe5 $1 $18 Rxe5+ 42. Kd2 Rxd5 43. Rc3 Re5 (43... Kf7 {was worth a try.} 44. Rxd3 Rh5) 44. Rxd3 (44. Kxd3 Kh7 45. h4 Kg8 $11) 44... d5 (44... Re6 {keeps fighting.} 45. h4 Kh7) 45. Re3 Rf5 46. Ke2 {[%emt 0:00:02] Weighted Error Value: White=0.08 (flawless) /Black=0.23 (precise) .  Mistake:       	White=1     	Black=4      Inaccurate:     	White=3     	Black=2      OK:         	White=13    	Black=10     Best:        	White=1     	Black=4      Strong:       	White=2     	---} 1-0

[Event "13th All African Rapid-ch Men 2024"]
[Site "Accra"]
[Date "2024.03.10"]
[Round "6.4"]
[White "Rakotomaharo, Fy Antenaina"]
[Black "Zhemba, Jemusse"]
[Result "1-0"]
[ECO "A06"]
[WhiteElo "2454"]
[BlackElo "2226"]
[Annotator "TA"]
[PlyCount "105"]
[EventDate "2024.03.07"]
[EventType "rapid"]
[EventCountry "GHA"]
[SourceTitle "playchess.com"]
[Source "ChessBase"]
[SourceQuality "1"]
[TimeControl "900+10"]

1. Nf3 d5 2. e3 c5 3. b3 Nf6 4. Bb2 g6 5. c4 Bg7 6. cxd5 Qxd5 7. Nc3 Qf5 8. d4 {[%emt 0:00:07] White is slightly better.} O-O 9. Bd3 Qh5 10. Be2 cxd4 11. Nxd4 Qa5 12. O-O Bd7 13. Bf3 Nc6 14. Nxc6 Bxc6 15. Bxc6 bxc6 16. Qc2 Rfd8 17. Na4 Qb5 18. Rac1 Nd5 19. Bxg7 Kxg7 20. Qb2+ Kg8 21. Rc5 Qb7 22. h4 Nb4 23. Rc4 Rd5 24. e4 Rd6 (24... Nd3 $11 25. Qc3 Rd6) 25. Nc5 $16 Qb6 (25... Qb5 $142) 26. Qe5 ({Better is} 26. h5 {Strongly threatening Qe5.} Re8 27. h6) 26... Re8 27. h5 {[%emt 0:00:20] And now hxg6 would win.} Na6 28. h6 {[%emt 0:01:36] White is more active.} f6 29. Qc3 Nxc5 30. Rxc5 $40 {[%emt 0:00:02][%mdl 128] White attacks with force.} Qa6 31. e5 Rd3 (31... Re6 $16) 32. Qc1 f5 $2 (32... fxe5 33. Qa1 (33. Rxe5 e6 $18) (33. Rxc6 Qa5 $18) 33... Rd4) 33. Rxc6 Qb5 34. Rc8 {[%emt 0:01:18] [#] Intending e6 and mate.} Rdd8 35. Rxd8 Rxd8 $18 {[%emt 0:00:01][%mdl 4096] Endgame. KQR-KQR} 36. Qc7 Qd7 37. Qc4+ Kf8 {[%emt 0:00:01] [#]} (37... e6 $142 38. Rc1 Kf7) 38. e6 $1 Qd2 (38... Qc8 39. Rc1 Qxc4 40. Rxc4 (40. bxc4 Rd6 $16) 40... Ke8) 39. Qc7 Rd6 40. Qb8+ (40. Qxa7 Qxh6 41. Qa8+ Kg7 $16) 40... Rd8 41. Qe5 (41. Qxa7 Qxh6 42. Qc7 Qd2 $16) 41... Qd4 42. Qxd4 Rxd4 {[%emt 0:00:01] KR-KR} 43. Rc1 {[%emt 0:00:01] Rc8+ would kill now.} Ke8 (43... Rd8 $142 44. Rc7 Ra8) 44. Rc8+ Rd8 45. Rc7 $2 (45. Rxd8+ Kxd8 46. f4) 45... Rd6 46. Rxa7 Rxe6 47. b4 {[%emt 0:00:36][%cal Bb3b4,Bb4b5,Bb5b6,Bb6b7][%mdl 32] Hoping for b5.} g5 $2 (47... Re1+ 48. Kh2 Rb1) 48. b5 Kd8 49. a4 Rxh6 {[%emt 0:02:36] White is clearly winning.} 50. a5 Rh4 51. b6 Rb4 52. b7 Rb1+ 53. Kh2 {[%emt 0:00:03] Weighted Error Value: White=0.36/Black=0.57.  Mistake:       	White=1     	Black=7      Inaccurate:     	White=5     	Black=6      OK:         	White=14    	Black=10     Best:        	White=7     	Black=4      Strong:       	White=1     	---} 1-0

[Event "13th All African Rapid-ch Men 2024"]
[Site "Accra"]
[Date "2024.03.10"]
[Round "6.5"]
[White "Cogan, Nicolas"]
[Black "Silva, David"]
[Result "0-1"]
[ECO "A69"]
[WhiteElo "2070"]
[BlackElo "2358"]
[Annotator "TA"]
[PlyCount "92"]
[EventDate "2024.03.07"]
[EventType "rapid"]
[EventCountry "GHA"]
[SourceTitle "playchess.com"]
[Source "ChessBase"]
[SourceQuality "1"]
[TimeControl "900+10"]

1. d4 Nf6 2. c4 g6 3. Nc3 Bg7 4. e4 d6 5. f4 O-O 6. Nf3 c5 7. d5 e6 8. Be2 exd5 9. cxd5 Re8 10. e5 Ng4 11. h3 Nh6 12. O-O Nf5 13. Kh2 Nd4 14. Nxd4 cxd4 15. Qxd4 dxe5 16. Qf2 Nd7 17. f5 Rf8 18. Be3 Nf6 19. Kh1 gxf5 20. Bg5 a6 21. g4 f4 22. Qh4 Qd6 (22... h6 $1 $15 23. Bxh6 Ne4 (23... Nxd5 $2 24. g5 $18) 24. Qxd8 Ng3+ (24... Rxd8 25. Nxe4 Bxh6 26. Rfe1 $11) 25. Kg2 Rxd8 26. Bxg7 Kxg7) 23. Bd3 $1 $14 h6 (23... Re8 $142) 24. Bxh6 $16 Bxh6 25. Qxh6 (25. g5 $1 $16 Nxd5 26. Rg1 (26. gxh6 Kh8 $11)) 25... Ne4 $1 $11 26. Qh4 Qd8 27. g5 {[%emt 0:00:12] [#]} (27. Qxd8 $11 {keeps the balance.} Ng3+ 28. Kg1 Rxd8 29. Rfe1) 27... Ng3+ $1 $17 (27... Nxg5 $2 28. Rg1 f5 29. Rxg5+ $18) 28. Kg2 (28. Kh2 $142 Bf5 (28... Nxf1+ $2 29. Rxf1 f5 30. gxf6 $18) 29. Bxf5 Nxf5 30. Qf2) 28... Bf5 $1 $17 29. Rad1 {[%emt 0:00:14] [#]} (29. Rf3 $17 Qb6 30. Bxf5 Nxf5 31. Qf2) 29... Qd6 (29... Nxf1 30. Kxf1 Bxd3+ 31. Rxd3 $11) (29... Qb6 $1 $19 30. Rd2 Nxf1 31. Kxf1 Bxd3+ 32. Rxd3 Qg6 (32... Qxb2 33. Ne4 $17)) 30. Rfe1 $17 Qg6 (30... Bg6 $17 31. Bxg6 fxg6) 31. Bxf5 $15 Nxf5 32. Qg4 Ne3+ 33. Rxe3 $1 fxe3 34. Ne4 Rac8 35. Kf3 Kg7 ({Black should try} 35... Rfd8 $15 36. h4 Kf8) 36. d6 $11 Rc4 37. d7 (37. Kxe3 $11 Rb4 38. b3) 37... Rd4 (37... e2 $15 38. Re1 Rd4 39. Rxe2 f5 40. gxf6+ Rxf6+ 41. Nxf6 Rxg4 42. Nxg4 (42. Ne8+ $2 Kf7 $19) 42... Qd3+ 43. Re3 Qxd7 44. Rxe5 Qf7+ 45. Kg3 Qxa2 46. Re7+ Kf8 47. Rxb7 Qe6 48. Rb8+ Ke7) 38. Rxd4 $1 $11 (38. Kxe3 $2 Rxd1 39. Qxd1 Rd8 $19) 38... exd4 39. Qf4 Qe6 40. Nf6 e2 (40... Qxa2 41. Ne8+ (41. Qxd4 Kg6 42. Qe4+ Kxg5 43. Ne8 Qe6 44. d8=Q+ f6 45. Qxe6 Kh6) 41... Kg8 42. Qf6 (42. d8=R Qc4 $18) 42... Qd5+ 43. Kf4) 41. Qxd4 $2 (41. Ne8+ $2 Rxe8 42. Qf6+ Kh7 (42... Qxf6+ 43. gxf6+ Kf8 44. dxe8=Q+ Kxe8 45. Kxe2 $16) 43. Qh6+ Qxh6 44. dxe8=Q Qh5+ (44... Qxg5 45. Qxf7+ Kh6 46. Qf8+ Kh7 47. Qf7+ Kh8 48. Qf8+ Kh7 49. Qf7+ $11) (44... Qxh3+ $2 45. Kxe2 Qe6+ 46. Qxe6 $19) 45. Kf2 d3 (45... Qxh3 46. Qxf7+ Kh8 47. Qe8+ Kg7 48. Qe7+ Kg8 49. Qe8+ Kg7 50. Qe7+ Kg8 51. Kxe2 $11) 46. Qe4+ Qg6 47. Qh4+ Kg8 $19) (41. Qh4 $11 e1=N+ (41... e1=R 42. Qh7#) (41... Qe3+ 42. Kg4 $11) 42. Kf2 Qf5+ (42... Nd3+ 43. Kf1 $11) 43. Kxe1 Qb1+ 44. Kf2 Qc2+ (44... Qxb2+ 45. Kg3) 45. Kf1 Qd3+ 46. Ke1 Qb1+ 47. Kd2 Qxb2+ 48. Kd3 Qb1+ (48... Qxa2 49. Qh7#) 49. Ke2 d3+ (49... Qxa2+ 50. Kf3 $11) 50. Ke3 Qc1+ 51. Kd4 Qb2+ 52. Ke3 Qe2+ (52... Qxa2 53. Qh7#) 53. Kd4 Qb2+ 54. Ke3 Qe2+ (54... Qxa2 55. Qh7#) 55. Kd4 Qb2+) 41... e1=Q (41... e1=R $2 {is the wrong capture.} 42. Nh5+ (42. d8=R Qxh3+ 43. Kf2 Rf1+ 44. Ke2 Qf3+ 45. Kd2 Rd1+ 46. Kc2 Qe2+ 47. Kb3 Rxd4 48. Rxd4 Qe3+) 42... Kg6 43. Nf4+ (43. d8=B {is a self mate.} Qxh3+ 44. Ng3 Rf1+ 45. Ke2 Qg2+ 46. Kd3 Rd1+ 47. Ke3 Qxg3+ 48. Ke4 Qg4+ 49. Ke3 Re8+) 43... Kxg5 44. Qg7+ (44. Nxe6+ fxe6+ 45. Kg2 Kg6 $18) (44. d8=Q+ Rxd8 45. Nxe6+ Rxe6 $18) (44. d8=B+ Kh6 $18) 44... Kf5 45. Nxe6 Kxe6 46. Qxf8 $18) (41... e1=N+ 42. Kf2 Rd8 43. Nh5+ Kf8 44. Qh8+ Ke7 45. Qe8+ Kd6 (45... Rxe8 46. dxe8=Q+ Kxe8 47. Ng7+ Kd7 48. Nxe6 $11) 46. Qxd8 Nd3+ 47. Kf3 Qxh3+ 48. Ke2 Qxh5+ 49. Kxd3 $15) 42. Nh5+ Kg6 43. Nf4+ Kh7 $1 44. d8=Q Qf1+ 45. Kg3 Rxd8 46. Qxd8 Qe3+ 0-1

[Event "13th All African Rapid-ch Men 2024"]
[Site "Accra"]
[Date "2024.03.10"]
[Round "6.6"]
[White "Oluka Robert Mcligeyo"]
[Black "Asabri, Hussien"]
[Result "1/2-1/2"]
[ECO "C54"]
[WhiteElo "2041"]
[BlackElo "2196"]
[Annotator "RC"]
[PlyCount "97"]
[EventDate "2024.03.07"]
[EventType "rapid"]
[EventCountry "GHA"]
[SourceTitle "playchess.com"]
[Source "ChessBase"]
[SourceQuality "1"]
[TimeControl "900+10"]

1. e4 e5 2. Nf3 Nc6 3. Bc4 Nf6 4. d3 Bc5 5. c3 d6 6. O-O a6 7. h3 Ba7 8. Re1 h6 9. Nbd2 O-O 10. Nf1 Be6 11. Bxe6 fxe6 12. Qb3 Qd7 13. Be3 Bxe3 14. Rxe3 Rab8 15. Ng3 Qf7 16. d4 Nd7 17. Rf1 Kh8 18. Qd1 Qg6 19. Nh4 Qg5 20. Nf3 Qg6 21. Nh4 Qf6 22. Qg4 Kh7 23. d5 Ne7 24. Rf3 Qg5 25. Qxe6 Nc5 26. Qg4 Rf4 27. Rxf4 exf4 28. Ngf5 Nxe4 29. Qxg5 hxg5 30. Nxe7 gxh4 31. Re1 Nf6 32. c4 b5 33. Nc6 Rb6 34. b3 bxc4 35. bxc4 Rb2 36. Re7 Rxa2 37. Rxc7 Rc2 38. Nb4 Rc1+ 39. Kh2 Ne4 40. Nd3 Rc2 41. Nxf4 Rxf2 42. Ne6 Nd2 43. Kg1 Rf1+ 44. Kh2 Rf2 45. Kg1 Rf1+ 46. Kh2 Rf2 47. Kg1 Rf1+ 48. Kh2 Rf2 49. Kg1 1/2-1/2

[Event "13th All African Rapid-ch Men 2024"]
[Site "Accra"]
[Date "2024.03.10"]
[Round "6.7"]
[White "Pedro Manuel Envo Engonga Avom"]
[Black "KIGIGHA, Bomo Lovet"]
[Result "*"]
[ECO "B23"]
[WhiteElo "1702"]
[BlackElo "2231"]
[Annotator "TA"]
[PlyCount "71"]
[EventDate "2024.03.07"]
[EventType "rapid"]
[EventCountry "GHA"]
[SourceTitle "playchess.com"]
[Source "ChessBase"]
[SourceQuality "1"]
[TimeControl "900+10"]

1. e4 c5 2. Nc3 a6 3. d4 cxd4 4. Qxd4 Nc6 5. Qd2 Nf6 6. b3 e6 7. Bb2 Bb4 8. f3 {[%emt 0:00:03] Schwarz steht etwas besser.} d5 9. exd5 Nxd5 {[%emt 0:00:02] Und ...Qh4+ würde nun gewinnen.} 10. O-O-O {[%emt 0:00:06] [#]} (10. Nge2 $11 {bleibt in der Remisbreite.}) 10... Qa5 $1 $17 11. Nge2 O-O 12. Kb1 $2 (12. a3 $17 Nxc3 (12... Bxa3 13. Nxd5 Qxd2+ 14. Rxd2 $15) 13. Nxc3 Bxa3 14. Na4) 12... Bd7 $2 ({Günstiger ist} 12... Rd8 $19 {Weiss muss nun ...Nxc3+ beachten.} 13. Qc1 Nxc3+ (13... Bxc3 $2 14. Rxd5 exd5 15. Bxc3 $19) 14. Nxc3 Rxd1 (14... Bxc3 $2 15. Rxd8+ Nxd8 16. Bxc3 $19) 15. Qxd1 (15. Nxd1 $2 Bd2 $19) 15... Bxc3 16. Bxc3 Qxc3) 13. Qd3 (13. a3 $1 $14 Bxc3 (13... Bxa3 $2 14. Nxd5 Bxb2 15. Qxa5 $18) 14. Nxc3 Nxc3+ 15. Bxc3 (15. Qxc3 Qxc3 16. Bxc3 Rfd8 $16) 15... Qxa3 16. Qg5 (16. Qxd7 $2 Rad8 $19)) 13... Ne5 (13... Nc7 $5) 14. Qd4 {[%emt 0:00:33][%cal Rc3d5] Und jetzt Nxd5! wäre schön.} Nc6 15. Qd3 Nxc3+ (15... Nc7 $5) 16. Nxc3 Rfd8 17. Qe3 Ne7 18. Bd3 {[%emt 0:00:45] Lässt Nf5 nicht zu} Rac8 19. Ne4 {[%emt 0:01:19] c3 wäre nun fies.} f5 {[%emt 0:00:00] [#]} 20. Qg5 $1 Ng6 $1 21. Ng3 Bc3 22. h4 (22. Bxc3 $1 $14 {bleibt weiter vorne.} Rxc3 23. h4) 22... Bxb2 23. Kxb2 Qc3+ (23... Bb5 $17 24. c4 Be8) 24. Kb1 $11 Bb5 {[%emt 0:00:00] Gegen Bc4 gerichtet.} 25. Bxf5 Rxd1+ $19 26. Rxd1 exf5 $40 {[%emt 0:00:00][%mdl 128] Schwarz hat starken Angriff.} 27. Qxf5 (27. Rd8+ Rxd8 28. Qxd8+ Nf8 29. Qd5+ Kh8 30. Qxf5 Qe1+ 31. Kb2) 27... Rf8 $2 (27... Ne5 28. Rd5 Bd3 29. Qxc8+ (29. Qe6+ $2 Kf8 $19) 29... Qxc8 30. cxd3 Nc6 (30... Qc3 $2 31. Ne4 $19)) 28. Qd5+ Kh8 29. Qxb7 {[%emt 0:00:30] [#]} (29. Ne4 $142 Qc7 30. Ng5) 29... Qe5 $2 ({Nicht} 29... Nxh4 30. Ne4 Qc8 31. Qa7 $17) ({Vorzuziehen ist} 29... Rc8 $1 $19 30. Qd5 Qxc2+ (30... Nxh4 31. Rd2 $17) 31. Ka1 h6 (31... Qxg2 $2 32. Qd8+ Nf8 33. Qxc8 $18)) 30. Ne4 $15 Nxh4 31. Nd6 (31. a4 $11 Be2 32. Rd7) 31... Kg8 (31... Nxg2 32. Nf7+ Rxf7 33. Qxf7 $11) (31... Qe2 $17 32. Rd4 Ng6 (32... Nxg2 33. Nf7+ Kg8 34. Nh6+ Kh8 35. Nf7+ Kg8 36. Nh6+ Kh8 37. Nf7+ $11)) 32. a4 Be2 33. Rd5 Qe6 34. Nc4 $2 (34. Ne4 $1 $11) 34... Bxc4 $19 ({Schlechter ist} 34... Nxg2 35. Re5 Bxf3 36. Qxf3 Rxf3 37. Rxe6 $11) 35. bxc4 Nf5 36. Ka2 {[%emt 0:00:38] Gewichteter Fehlerwert: Weiß=0.73/Schwarz=0.63.  Verlustzug:     	Weiß=3     	---        Gewinn verpasst:   	---       	Schwarz=2     Fehler:       	Weiß=6     	Schwarz=3     Ungenau:       	Weiß=1     	Schwarz=3     OK:         	Weiß=10    	Schwarz=9     Bester:       	Weiß=3     	Schwarz=2     Stark:        	---       	Schwarz=2} *